 Dungeon Crawl Stone Soup version 0.19-a0-1834-g6b7851e (webtiles) character file.

68 jbasstz the Ducker (level 4, 0/44 HPs)
             Began as a Troll Fighter on Oct 8, 2016.
             Slain by a gnoll
             ... wielding a +0 halberd
              (7 damage)
             ... on level 2 of the Dungeon.
             The game lasted 00:04:56 (1132 turns).

jbasstz the Ducker (Troll Fighter)                  Turns: 1132, Time: 00:04:56

Health: 0/44       AC:  5    Str: 25    XL:     4   Next: 1%
Magic:  3/3        EV:  8    Int:  4    God:
Gold:   54         SH:  9    Dex:  9    Spells: 0 memorised, 3 levels left

rFire  . . .     SeeInvis .     a - +0 flail
rCold  . . .     Gourm    +     b - +0 robe
rNeg   . . .     Faith    .     c - +0 shield
rPois  .         Spirit   .     (helmet restricted)
rElec  .         Dismiss  .     (no cloak)
rCorr  .         Reflect  .     (gloves unavailable)
MR     .....     Harm     .     (boots unavailable)
Stlth  +.........               (no amulet)
                                (no ring)
                                (no ring)

@: no status effects
A: unfitting armour, claws 3, fast metabolism 3, gourmand, regeneration 1,
shaggy fur 1, tough skin 2
a: no special abilities


You were on level 2 of the Dungeon.
You were completely stuffed.

You visited 1 branch of the dungeon, and saw 2 of its levels.

You collected 54 gold pieces.

Inventory:

Hand Weapons
 a - a +0 flail (weapon)
Armour
 b - a +0 robe (worn)
 c - a +0 shield (worn)
Jewellery
 p - an uncursed ring of stealth {unknown}
Scrolls
 g - a scroll of enchant armour {unknown}
 i - a scroll of recharging {unknown}
 j - a scroll of enchant weapon {unknown}
 k - a scroll of remove curse {unknown}
 o - 2 scrolls of identify {unknown}
Potions
 d - a potion of might
 e - a potion of flight {unknown}
 h - a potion of berserk rage {unknown}
 l - a potion of curing {unknown}
 m - a potion of heal wounds {unknown}
 n - a potion of mutation {unknown}
Comestibles
 f - 3 bread rations


   Skills:
 + Level 2.7 Fighting
 + Level 2.6 Maces & Flails
 + Level 2.9 Dodging
 + Level 2.9 Shields


You had 3 spell levels left.
You didn't know any spells.

Dungeon Overview and Level Annotations

Branches:
Dungeon (2/15)

Altars:


Innate Abilities, Weirdness & Mutations

You are too large for most types of armour.
You have claws for hands.
Your metabolism is lightning-fast.
You like to eat raw meat.
Your natural rate of healing is unusually fast.
You are covered in fur. (AC +1)
You have very tough skin. (AC +2)


Message History

You are too injured to fight recklessly!
You are too injured to fight recklessly!
You are too injured to fight recklessly!
You are too injured to fight recklessly!
You are too injured to fight recklessly!
You closely miss the bat.
The bat is moderately wounded.
You block the bat's attack. You block the gnoll's attack.
The gnoll hits you from afar with a halberd.
* * * LOW HITPOINT WARNING * * *
The gnoll closely misses you.
You closely miss the bat. You block the bat's attack.
The bat barely misses you. The gnoll barely misses you.
The bat hits you but does no damage.
The gnoll hits you from afar with a halberd.
* * * LOW HITPOINT WARNING * * *
The gnoll barely misses you.
You miss the bat. The bat completely misses you. The bat closely misses you.
The gnoll hits you from afar with a halberd!
You die...

# #######.#######
####.............#
.....†.....# ##.##
####.#####.####...###
.# #.# #......>...
.###.# #.####...#
.....# #.#####.#
####.# #.......# #.#
#######@# #.#
#######b####### #.#
......ggg.....>
######...#####.
....... ###...###
##.## #.. #.#


You could see 3 gnolls and a bat.

Vanquished Creatures
  A gnoll (D:2)
  An adder (D:2)
  A worm (D:2)
  3 dart slugs (D:1)
  3 leopard geckos (D:1)
  4 bats (D:1)
  A giant cockroach (D:2)
  3 goblins
  5 hobgoblins
  2 jackals (D:1)
  5 frilled lizards
  3 kobolds (D:1)
  9 rats
41 creatures vanquished.

Notes
Turn   | Place    | Note
-------+----------+-------------------------------------------
     0 | D:1      | jbasstz the Troll Fighter began the quest for the Orb.
     0 | D:1      | Reached XP level 1. HP: 22/22 MP: 0/0
   325 | D:1      | Reached XP level 2. HP: 29/29 MP: 1/1
   849 | D:1      | Reached XP level 3. HP: 36/36 MP: 2/2
  1128 | D:2      | Reached XP level 4. HP: 21/44 MP: 3/3
  1132 | D:2      | Slain by a gnoll

Vault maps used:
D:1:      minmay_arrival_arboretum_small, minmay_misc_feat_chi
D:2:      first_bread, uniq_crazy_yiuf_cottage

Skill      XL: |  1 |
---------------+----+-----
Maces & Flails | 2 |  2.6
Fighting       | |  2.7
Dodging        | |  2.9
Shields        | |  2.9

Action                   |  1- 3 |  4- 6 || total
-------------------------+-------+-------++-------
Melee: Flail             |   189 |     4 ||   193
  Eat: Chunk             |    17 |       ||    17
Armor: Robe              |   107 |     1 ||   108
Dodge: Dodged            |    75 |     8 ||    83
Block: Shield            |   119 |     5 ||   124
